 Dungeon Crawl Stone Soup version 0.27.0-1-g7a089689b8 (webtiles) character file.

Game seed: 12760989000452947634

28 Kote the Ducker (level 3, -8/18 HPs)
             Began as a Vampire Gladiator on Aug 14, 2021.
             Was an Initiate of Okawaru.
             Mangled by Duvessa (12 damage)
             ... on level 4 of the Dungeon.
             The game lasted 00:08:52 (1423 turns).

Kote the Ducker (Vampire Gladiator)                 Turns: 1423, Time: 00:08:53

Health: -8/18      AC:  4    Str: 12 (14) XL:     3   Next: 0%
Magic:  3/3        EV: 12    Int:  8 (10) God:    Okawaru [......]
Gold:   43         SH:  0    Dex: 13 (15) Spells: 2/2 levels left

rFire    . . .     SeeInvis +   a - +0 rapier
rCold    . . .     Faith    .   (no shield)
rNeg     . . .     Spirit   .   b - +0 leather armour
rPois    .         Reflect  .   c - +0 helmet
rElec    .         Harm     .   (no cloak)
rCorr    .         Rampage  .   (no gloves)
Will     .....                  (no boots)
Stlth    +.........             (no amulet)
HPRegen  0.26/turn              (no ring)
MPRegen  0.08/turn              (no ring)

@: healing quickly
A: alive, fangs 3, see invisible, vampiric 2, [frail 3]
a: Exsanguinate, Renounce Religion


You were on level 4 of the Dungeon.
You worshipped Okawaru.
Okawaru was noncommittal.
You visited 1 branch of the dungeon, and saw 4 of its levels.

You collected 43 gold pieces.

Inventory:

Hand Weapons
 a - a +0 rapier (weapon)
 h - a +0 hunting sling
Missiles
 d - 3 throwing nets (quivered)
Armour
 b - a +0 leather armour (worn)
 c - a +0 helmet (worn)
 g - a +0 ring mail
 j - a +0 leather armour
Scrolls
 f - 2 scrolls of identify {unknown}
 k - a scroll of noise {unknown}
Potions
 e - a potion of lignification {unknown}
 i - a potion of curing {unknown}
 l - a potion of heal wounds {unknown}


   Skills:
 + Level 2.0 Fighting
 + Level 3.6 Short Blades
 + Level 1.8 Throwing
 + Level 0.2 Armour
 + Level 3.6 Dodging
 + Level 1.4 Stealth


You had 2 spell levels left.
You didn't know any spells.
Your spell library contained the following spells:

 Spells                   Type           Power      Damage    Failure   Level
 Shock                    Conj/Air       0%         1d3       50%         1
 Swiftness                Air            0%         N/A       86%         3
 Airstrike                Air            0%         N/A       99%         4


Dungeon Overview and Level Annotations

Branches:
Dungeon (4/15)
 Temple: D:4-7

Altars:
Okawaru

Annotations:
D:4 Dowan, Duvessa


Innate Abilities, Weirdness & Mutations

Your natural rate of healing is accelerated.
You have razor-sharp teeth.
You have supernaturally acute eyesight. (SInv)
You are afflicted with vampirism and can become a bat while bloodless.
[You are extremely frail. (-30% HP)]


Message History

Now bloodless.
You turn into a vampire bat.
Your +0 rapier melds into your body.
Your +0 helmet melds into your body.
Your +0 leather armour melds into your body.
You feel weakened.
You feel dopey.
You feel clumsy.
You see here a +0 club.
Magic restored.
There is a stone staircase leading down here.
You fly downwards.
Duvessa and Dowan come into view.
Duvessa is wielding a +2 vampiric short sword.
Found a buckler.
There is a stone staircase leading up here.
Dowan shouts!
Dowan drinks a potion.
Dowan suddenly seems more resistant.
Duvessa shouts!
Duvessa completely misses you.
You fly upwards.
There is a stone staircase leading down here.
You begin the revivification ritual.
You continue your ritual. x5
Now alive.
Your blood-filled body can't sustain your transformation.
Your transformation has ended.
Your +0 rapier unmelds from your body.
Your +0 helmet unmelds from your body.
Your +0 leather armour unmelds from your body.
There is a stone staircase leading down here.
You climb downwards.
Level annotation: Dowan, Duvessa Dowan closely misses you.
There is a stone staircase leading up here.
You miss Dowan. Dowan hits you with a +0 dagger.
Duvessa hits you with a +2 vampiric short sword!
Ouch! That really hurt!
* * * LOW HITPOINT WARNING * * *
You puncture Dowan!
Dowan is moderately wounded.
Dowan hits you but does no damage.
Duvessa hits you with a +2 vampiric short sword!
Ouch! That really hurt!
You die...

#[#######
#...e...#
#@#
#.e......
##.####.#
.# .# .#
.. ##


You could see Duvessa and Dowan.

Vanquished Creatures
  An orc (D:3)
  3 ball pythons
  3 endoplasms
  3 goblins
  3 hobgoblins
  3 jackals (D:2)
  2 kobolds (D:1)
  A quokka (D:2)
  2 bats
  A frilled lizard (D:2)
  2 rats
24 creatures vanquished.

Notes
Turn   | Place    | Note
-------+----------+-------------------------------------------
     0 | D:1      | Kote the Vampire Gladiator began the quest for the Orb.
     0 | D:1      | Reached XP level 1. HP: 16/16 MP: 1/1
   238 | D:1      | Found a faded altar of an unknown god.
   489 | D:2      | Reached XP level 2. HP: 17/22 MP: 2/2
   556 | D:2      | Reached skill level 1 in Stealth
   953 | D:3      | Found an iron altar of Okawaru.
  1043 | D:3      | Became a worshipper of Warmaster Okawaru
  1318 | D:3      | Gained mutation: You are afflicted with vampirism and can
                  | become a bat while bloodless. [Vampire growth]
  1318 | D:3      | Reached XP level 3. HP: 15/18 MP: 3/3
  1406 | D:4      | Noticed Duvessa
  1406 | D:4      | Noticed Dowan
  1423 | D:4      | Mangled by Duvessa

Illustrated notes

Levels and vault maps discovered:
D:1:      dpeg_arrival_solitude, layout_loops_corners,
          shapermc_ecumenical_altar_starsandcircs, roderic_lattice_a
D:2:      layout_basic, grunt_ministairs_5, roderic_serpentine_path,
          minmay_misc_feat_diagonals
D:3:      layout_loops_corners, mainiacjoe_overflow_concentric_impassable,
          grunt_ministairs_5, uniq_terence, uniq_sigmund
D:4:      layout_loops_ring, nicolae_hepliaklqana_hippocampus,
          minmay_temple_entry_trees, kennysheep_generic_room_10, uniq_duvessa

Skill      XL: |  1  2 |
---------------+-------+-----
Fighting       | 2 |  2.0
Stealth        | 1 |  1.4
Short Blades   | |  3.6
Throwing       | |  1.8
Armour         | |  0.2
Dodging        | |  3.6

Action                   || total
-------------------------++-------
Melee: Rapier            ||    78
       Bite              ||     6
 Abil: Exsanguinate      ||     5
       Revivify          ||     4
       Bat Form          ||     1
Armor: Leather armour    ||    33
Dodge: Dodged            ||    66
